Map: Prion Terraces

Players

Awesomesauce - Winner!

  • Race: Protoss Protoss
  • League: Diamond

ignite

  • Race: Terran Terran
  • League: Master

VOD

Have the link to the VOD?

Description

Time

  • Played on: Feb. 28, 2016, 11 a.m.
  • Length: 3:42
Show
View Real Time Build Order
Export as new Build Order

Awesomesauce Protoss - Winner!

Build Orders: Cannon Rush 

Get SALT Encoding   

  12  0:01  Probe (Chrono Boost)  
  13  0:11  Probe (Chrono Boost)  
  14  0:17  Pylon  
  14  0:22  Probe (Chrono Boost)  
  16  0:35  Probe (Chrono Boost)  
  16  0:42  Forge  
  16  0:46  Probe (Chrono Boost)  
  17  0:56  Probe (Chrono Boost)  
  18  1:06  Pylon  
  18  1:12  Pylon  
  18  1:23  Pylon  
  18  1:31  Photon Cannon  
  18  1:32  Pylon  
  18  1:36  Pylon  
  18  1:43  Photon Cannon  
  18  1:55  Photon Cannon  
  18  2:02  Photon Cannon  
  18  2:14  Probe (Chrono Boost)  
  18  2:31  Nexus  
  18  2:35  Photon Cannon  
  18  2:36  Pylon  
  18  2:50  Photon Cannon  
  18  3:04  Photon Cannon  
  17  3:09  Photon Cannon  
  17  3:11  Probe (Chrono Boost)  
  18  3:19  Gateway  
  18  3:30  Probe (Chrono Boost)  
  18  3:31  Assimilator  
Show
View Real Time Build Order
Export as new Build Order

ignite Terran 

Build Orders:  

Get SALT Encoding   

  12  0:01  SCV  
  13  0:13  SCV  
  14  0:17  Supply Depot  
  14  0:25  SCV  
  15  0:39  SCV  
  15  0:41  Barracks  
  16  0:51  SCV  
  17  1:03  SCV  
  18  1:18  SCV  
  19  1:22  Command Center  
  19  1:42  Orbital Command  
  19  1:44  Barracks  
  19  1:45  Marine  
  19  1:46  Bunker, Barracks  
  20  2:05  Marine  
  20  2:20  SCV  
  21  2:25  Supply Depot  
  20  2:47  Supply Depot, Marine x3  
  22  3:00  SCV  
  23  3:08  Refinery, Marine x3  
  23  3:09  Supply Depot  
  25  3:23  SCV  
Tags
 
Add a new tag
Caveats
  • Supply blocks, unpowered buildings, or Contaminate may cause inaccurate times.
  • Supply counts are checked every 10 seconds.